Map: Ruby Rock LE

Players

Yeuse

  • Race: Protoss Protoss
  • League: Master
  • Spawn Location: 5:00

VOD

Have the link to the VOD?

Description

Time

  • Played on: Feb. 21, 2026, 8:58 a.m.
  • Length: 20:21
Show
View Real Time Build Order
Export as new Build Order

Yeuse Protoss 

Build Orders:  

Get SALT Encoding   

  12  0:03  Probe (Chrono Boost)  
  14  0:20  Probe (Chrono Boost)  
  14  0:30  Pylon  
  14  0:37  Probe (Chrono Boost)  
  15  0:54  Probe (Chrono Boost)  
  16  1:03  Gateway  
  16  1:05  Probe (Chrono Boost)  
  17  1:17  Probe (Chrono Boost)  
  18  1:21  Assimilator  
  18  1:34  Probe (Chrono Boost)  
  19  1:40  Pylon  
  20  1:51  Probe (Chrono Boost)  
  20  1:57  Assimilator  
  20  2:07  Probe (Chrono Boost)  
  21  2:17  Cybernetics Core  
  21  2:18  Probe (Chrono Boost)  
  21  2:29  Probe (Chrono Boost)  
  23  2:45  Probe (Chrono Boost)  
  24  2:51  Nexus  
  24  3:02  Pylon  
  24  3:04  Probe (Chrono Boost)  
  25  3:12  Stalker  
  28  3:22  Probe (Chrono Boost)  
  28  3:39  Probe (Chrono Boost)  
  29  3:47  Gateway  
  29  3:54  Robotics Facility  
  29  3:58  Probe (Chrono Boost)  
  30  4:04  Stalker  
  32  4:15  Probe (Chrono Boost)  
  33  4:27  Warp Gate  
  33  4:32  Probe (Chrono Boost)  
  35  4:41  Probe (Chrono Boost)  
  35  4:46  Zealot  
  35  4:49  Stalker  
  37  4:55  Observer  
  39  5:05  Probe x2 (Chrono Boost)  
  44  5:20  Stalker  
  44  5:22  Probe x2 (Chrono Boost)  
  44  5:26  Pylon  
  46  5:33  Pylon  
  46  5:39  Probe x2 (Chrono Boost), Assimilator  
  48  5:42  Immortal  
  48  5:44  Assimilator  
  48  5:49  Stalker  
  54  5:56  Probe x2 (Chrono Boost)  
  56  6:12  Probe (Chrono Boost)  
  56  6:13  Probe (Chrono Boost)  
  58  6:33  Nexus  
  58  6:36  Pylon  
  58  6:39  Probe (Chrono Boost)  
  60  6:40  Probe (Chrono Boost), Pylon  
  60  6:45  Stalker  
  62  6:50  Stalker  
  62  6:56  Probe (Chrono Boost)  
  65  7:07  Probe (Chrono Boost)  
  66  7:14  Immortal  
  70  7:24  Probe x2 (Chrono Boost)  
  70  7:25  Stalker x2  
  78  7:41  Probe x2 (Chrono Boost)  
  78  7:58  Probe x2 (Chrono Boost)  
  80  8:01  Stalker  
  80  8:02  Stalker  
  84  8:13  Immortal  
  88  8:27  Probe x2 (Chrono Boost)  
  88  8:28  Probe (Chrono Boost)  
  91  8:31  Pylon  
  91  8:36  Pylon  
  91  8:38  Stalker x2  
  95  8:41  Pylon  
  95  8:53  Forge  
  95  9:01  Twilight Council  
  95  9:03  Probe (Chrono Boost)  
  95  9:04  Probe x2 (Chrono Boost)  
  98  9:10  Immortal  
  98  9:13  Stalker  
  98  9:14  Stalker  
  109  9:20  Probe (Chrono Boost)  
  109  9:21  Probe x2 (Chrono Boost)  
  109  9:30  Gateway  
  109  9:32  Gateway  
  109  9:35  Gateway  
  109  9:37  Probe (Chrono Boost)  
  109  9:38  Probe x2 (Chrono Boost)  
  112  9:55  Pylon  
  115  10:01  Pylon, Probe x3 (Chrono Boost)  
  115  10:04  Stalker x2  
  115  10:07  Immortal  
  123  10:13  Pylon  
  123  10:18  Pylon  
  123  10:32  Nexus  
  123  10:36  Pylon  
  126  10:41  Probe x3 (Chrono Boost), Pylon  
  126  10:54  Stalker x2  
  126  10:55  Stalker x2  
  132  11:02  Immortal  
  132  11:07  Probe x2 (Chrono Boost)  
  132  11:08  Probe (Chrono Boost)  
  107  11:41  Stalker x3  
  113  11:57  Immortal  
  117  12:03  Pylon  
  117  12:04  Gateway  
  117  12:06  Pylon  
  117  12:08  Gateway  
  117  12:12  Gateway, Probe (Chrono Boost)  
  117  12:13  Probe x2 (Chrono Boost)  
  117  12:14  Pylon  
  117  12:16  Probe (Chrono Boost)  
  121  12:20  Gateway  
  121  12:25  Stalker  
  121  12:28  Stalker  
  121  12:29  Stalker, Probe (Chrono Boost)  
  131  12:41  Probe x3 (Chrono Boost)  
  131  12:49  Assimilator  
  131  12:52  Probe (Chrono Boost), Immortal  
  131  12:54  Assimilator  
  131  12:58  Probe (Chrono Boost)  
  137  13:17  Stalker  
  137  13:18  Stalker x3  
  145  13:20  Stalker  
  145  13:25  Stalker  
  145  13:28  Stalker  
  151  13:45  Stalker  
  151  13:47  Immortal  
  157  13:59  Protoss Ground Weapons Level 1  
  157  14:19  Nexus  
  157  14:27  Gateway  
  157  14:30  Gateway  
  157  14:33  Gateway  
  157  14:35  Nexus, Gateway  
  157  14:37  Robotics Facility  
  157  14:45  Stalker  
  157  14:46  Stalker x3  
  157  14:47  Stalker x3  
  157  14:48  Stalker  
  173  14:50  Immortal  
  177  15:46  Stalker  
  177  15:47  Stalker x4  
  177  15:48  Stalker  
  177  15:49  Stalker  
  191  15:50  Stalker x2  
  191  15:59  Immortal  
  199  16:18  Immortal  
  199  16:29  Stalker x4  
  184  16:30  Stalker x2  
  184  16:31  Stalker  
  184  16:32  Stalker x3  
  184  16:33  Stalker x2  
  166  16:45  Probe (Chrono Boost)  
  166  16:46  Probe x4 (Chrono Boost)  
  123  16:54  Immortal  
  97  17:03  Stalker  
  97  17:04  Stalker x2  
  97  17:05  Stalker x3  
  97  17:06  Stalker x3  
  97  17:07  Stalker  
  97  17:08  Stalker  
  119  17:13  Immortal  
  123  17:27  Gateway  
  123  17:30  Gateway  
  123  17:31  Gateway  
  123  17:38  Gateway  
  123  17:39  Gateway  
  123  17:41  Gateway  
  123  17:49  Immortal  
  127  18:00  Assimilator  
  127  18:01  Stalker  
  127  18:02  Stalker  
  127  18:03  Assimilator, Stalker x2  
  127  18:04  Stalker x2  
  127  18:05  Stalker  
  127  18:07  Stalker x3  
  127  18:08  Stalker  
  149  18:10  Immortal  
  153  18:43  Immortal  
  153  18:45  Stalker x2  
  153  18:46  Stalker x3  
  153  18:47  Stalker x5  
  153  18:48  Stalker x2  
  153  18:49  Stalker x2  
  185  19:00  Assimilator  
  185  19:05  Immortal, Assimilator  
  189  19:13  Stalker  
  189  19:14  Stalker x2  
  183  19:39  Stalker  
  159  19:40  Stalker  
  159  19:41  Stalker x2  
  159  19:42  Stalker x3  
  159  19:43  Stalker x2  
  159  19:44  Stalker x2  
  159  19:45  Stalker  
  159  19:46  Stalker x2  
  159  19:47  Stalker  
  116  20:09  Stalker x2  
Tags
 
League
Master
Matchup
Co-op
Add a new tag
Caveats
  • Supply blocks, unpowered buildings, or Contaminate may cause inaccurate times.
  • Supply counts are checked every 10 seconds.